 Dungeon Crawl Stone Soup version bcrawl-1.27.6 (webtiles) character file.

Game seed: 985221648322949908

117379 DogServant the Charmwright (level 3, 0/31 HPs)
             Began as a Sand Dwarf Skald on Oct 12, 2020.
             Slain by an ogre
             ... wielding a +0 giant club
              (7 damage)
             ... on level 2 of the Dungeon.
             The game lasted 00:02:34 (1459 turns).

DogServant the Charmwright (Sand Dwarf Skald)       Turns: 1459, Time: 00:02:35

Health: 0/31       AC:  3    Str: 16    XL:     3   Next: 83%
Magic:  1/6        EV: 13    Int: 13    God:
Gold:   40         SH:  2    Dex: 10    Spells: 0/6 levels left

rFire    . . .     SeeInvis .   a - +0 hand axe
rCold    . . .     Gourm    .   (shield restricted)
rNeg     . . .     Faith    .   b - +0 leather armour
rPois    .         Spirit   .   (no helmet)
rElec    .         Reflect  .   (no cloak)
rCorr    .         Harm     .   (no gloves)
MR       .....                  (no boots)
Stlth    +.........             (no amulet)
HPRegen  0.10/turn              (no ring)
MPRegen  0.10/turn              (no ring)

@: singing (expiring), very slightly contaminated, slow
A: small, slowness 1, armour attunement
a: no special abilities


You were on level 2 of the Dungeon.
You were hungry.

You visited 1 branch of the dungeon, and saw 2 of its levels.

You collected 40 gold pieces.

Inventory:

Hand Weapons
 a - a +0 hand axe (weapon)
Armour
 b - a +0 leather armour (worn)
Scrolls
 c - 3 scrolls of identify
 f - 2 scrolls of noise {unknown}
 j - a scroll of immolation {unknown}
Potions
 g - a potion of brilliance {unknown}
 h - a potion of invisibility {unknown}
 i - a potion of lignification {unknown}
 k - a potion of cancellation {unknown}
 l - a potion of resistance {unknown}
 m - a potion of heal wounds {unknown}
Comestibles
 e - 3 rations {!d}


   Skills:
 - Level 3.1 Fighting
 + Level 3.5 Axes
 - Level 1.2 Armour
 - Level 1.5 Dodging
 - Level 2.0 Spellcasting
 + Level 3.7 Charms


You couldn't memorise any spells.
You knew the following spells:

 Your Spells              Type           Power        Failure   Level  Hunger
a - Infusion              Chrm           ##......     5%          1    None
b - Spectral Weapon       Hex/Chrm       #.......     34%         3    ####...
c - Song of Slaying       Chrm           ##......     9%          2    ##.....

Your spell library contained the following spells:

 Spells                   Type           Power        Failure   Level  Hunger
 Ozocubu's Armour         Chrm/Ice       #.......     34%         3    ####...
 Regeneration             Chrm/Necr      #.........   34%         3    ####...


Dungeon Overview and Level Annotations

Branches:
Dungeon (2/12)

Altars:


Innate Abilities, Weirdness & Mutations

You are small and have problems with some larger weapons.
You cover ground slowly.
Armour does not affect your spellcasting.


Message History

The ogre is lightly wounded.
You slash the ogre!
The ogre is moderately wounded.
You block the ogre's attack.
You closely miss the ogre.
The ogre is moderately wounded.
The ogre closely misses you.
You hit the ogre.
The ogre is heavily wounded.
The ogre hits you with a +0 giant club!!
Ouch! That really hurt!
* * * LOW HITPOINT WARNING * * *
You hit the ogre.
The ogre is severely wounded.
The ogre closely misses you.
You barely miss the ogre.
The ogre is severely wounded.
Your song is almost over.
The ogre hits you with a +0 giant club!
You die...

#...............#
#.#############.##
#.# #..# #.# ##.##
#.# ###########..#
#.# #...[........#
#.# #.##.....###.#
#.#
#.##..........#
#.#
#.##@O...###...%
#.# #.##.....#
#..###
###.####......###
#>..
#.........###.#
#...# #.#.####.##
#.. .#.# #.#.# #.#
#.#. ######.#.#
#.# ....
.......#.# #.. .
%. ...#####.# ###


You could see an ogre.

Vanquished Creatures
  A hound skeleton (D:2)
  An orc (D:2)
  4 giant cockroaches
  7 goblins
  5 hobgoblins
  3 jackals (D:1)
  4 kobolds
  A quokka (D:1)
  A bat (D:2)
  A frilled lizard (D:1)
  6 rats
34 creatures vanquished.

Notes
Turn   | Place    | Note
-------+----------+-------------------------------------------
     0 | D:1      | DogServant the Sand Dwarf Skald began the quest for the
                  | Orb.
     0 | D:1      | Reached XP level 1. HP: 18/18 MP: 3/3
    66 | D:1      | Reached XP level 2. HP: 12/25 MP: 0/5
   992 | D:1      | Reached XP level 3. HP: 31/31 MP: 6/6
  1393 | D:2      | Noticed an ogre
  1406 | D:2      | Learned a level 3 spell: Spectral Weapon
  1409 | D:2      | Learned a level 2 spell: Song of Slaying
  1459 | D:2      | Slain by an ogre

Skill      XL: |  1  2 |
---------------+-------+-----
Fighting       | 3 |  3.1
Axes           | 3 |  3.5
Armour         | |  1.2
Dodging        | |  1.5
Spellcasting   | |  2.0
Charms         | |  3.7

Action                   || total
-------------------------++-------
Melee: Hand axe          ||   123
 Cast: Infusion          ||     3
       Song of Slaying   ||     2
  Use: Scroll            ||     1
  Eat: Chunk             ||     5
Armor: Leather armour    ||    24
Dodge: Dodged            ||    82
Block: Other             ||     1
